AoeStats
← Pr Hapi

Glade

510539624Analyzed
1v1 RM · 2d ago on Oct 1, 2026· 29m 50s· 2 players
Game mode
Random Map
Map size
Tiny (2 player)
Population
200
Speed
Normal
Resources
Standard
Victory
Conquest
Starting age
Dark Age
Ending age
Imperial Age
RankedLock teamsTeams togetherTeam positionsShared explorationLock speedFull tech treeHidden civsTurbo modeCheats
Victory
Defeat
🇫🇮 Franks · Finland
975
+17
🇪🇸 Poles · Spain
991
-17
Pr Hapi
5:01 Loom
11:16 Feudal Age
11:48 Double-Bit Axe
17:31 Castle Age
18:33 Bow Saw
18:23 Stone Mining
21:58 Scale Barding Armor
22:03 Forging
25:53 Husbandry
27:02 Wheelbarrow
26:24 Gold Mining
32:23 Imperial Age
Mollin
4:05 Loom
10:39 Feudal Age
15:18 Castle Age
15:32 Scale Barding Armor
16:21 Forging
17:10 Double-Bit Axe
19:18 Wheelbarrow
19:04 Husbandry
19:37 Bloodlines
23:26 Gold Mining
23:25 Horse Collar
26:04 Bow Saw
25:57 Heavy Plow
28:54 Hand Cart
Connection lost

Rejoining the realm…

Still unreachable

The connection could not be restored.

Session expired

The server has moved on; the page needs a fresh start.